 Dungeon Crawl Stone Soup version 0.27-a0-1359-ga2a4dfd6fd (webtiles) character file.

Game seed: 7078486354355710687

3253 pyrow613 the Cleaver (level 9, -3/79 HPs)
             Began as a Demigod Gladiator on June 28, 2021.
             Slain by an orc knight (26 damage)
             ... in a bailey.
             The game lasted 00:21:01 (5443 turns).

pyrow613 the Cleaver (Demigod Gladiator)            Turns: 5443, Time: 00:21:02

Health: -3/79      AC:  7    Str: 27    XL:     9   Next: 40%
Magic:  11/11      EV: 13    Int: 10    God:
Gold:   106        SH:  0    Dex: 24    Spells: 8/8 levels left

rFire    . . .     SeeInvis .   E - +2 hand axe (flame)
rCold    x . .     Faith    .   (no shield)
rNeg     . . .     Spirit   .   y - +1 leather armour of the Swan {rC- Will- Regen+ Dex+9}
rPois    .         Reflect  .   c - +1 helmet
rElec    .         Harm     .   (no cloak)
rCorr    +         Rampage  .   (no gloves)
Will     .....                  A - +0 pair of boots
Stlth    ++........             m - amulet of regeneration
HPRegen  2.23/turn              l - ring of willpower
MPRegen  0.12/turn              q - ring of resist corrosion

@: no status effects
A: high mp 1, forlorn
a: no special abilities


You were in a bailey.
You visited 1 branch of the dungeon, and saw 7 of its levels.
You also visited: Bailey.

You collected 260 gold pieces.
You spent 154 gold pieces at shops.

Inventory:

Hand Weapons
 E - a +2 hand axe of flaming (weapon)
 F - a +1 whip of venom
Missiles
 d - a throwing net (quivered)
 h - 41 poisoned darts
 D - 2 boomerangs of dispersal
Armour
 c - a +1 helmet (worn)
 e - a +0 ring mail
 y - the +1 leather armour of the Swan (worn) {rC- Will- Regen+ Dex+9}
   (You bought it in a shop on level 5 of the Dungeon)

   Dex:       It affects your dexterity (+9).
   rC:        It makes you vulnerable to cold.
   Regen:     It increases your rate of health regeneration.
   Will:      It decreases your willpower.
 A - a +0 pair of boots (worn)
Jewellery
 l - a ring of willpower (left hand)
 m - an amulet of regeneration (around neck)
 q - a ring of resist corrosion (right hand)
Wands
 B - a wand of flame (28)
 C - a wand of iceblast (9)
Scrolls
 n - a scroll of amnesia
 s - 2 scrolls of teleportation
Potions
 a - a potion of flight {unknown}
 b - a potion of heal wounds
 f - 2 potions of curing
 i - 2 potions of ambrosia
 j - 2 potions of haste
 k - 2 potions of mutation
 w - a potion of cancellation {unknown}


   Skills:
 + Level 7.4 Fighting
 * Level 10.6 Axes
 - Level 1.7 Throwing
 - Level 2.6 Dodging


You had 8 spell levels left.
You didn't know any spells.
Your spell library contained the following spells:

 Spells                   Type           Power      Damage    Failure   Level
 Foxfire                  Conj/Fire      0%         2x1d4     38%         1
 Confusing Touch          Hex            0%         N/A       77%         3
 Conjure Flame            Conj/Fire      0%         6-21      77%         3
 Gell's Gravitas          Tloc           0%         N/A       77%         3
 Inner Flame              Hex/Fire       0%         N/A       77%         3
 Petrify                  Tmut/Erth      0%         N/A       99%         4
 Sticky Flame             Conj/Fire      0%         2d3       99%         4
 Fireball                 Conj/Fire      0%         3d3       100%        5
 Metabolic Englaciation   Hex/Ice        0%         N/A       100%        5
 Yara's Violent Unravell  Hex/Tmut       0%         3d3       100%        5


Dungeon Overview and Level Annotations

Branches:
Dungeon (7/15)             Temple (0/1) D:7          Bailey (1/1)

Shops:
D:5 [[=(:


Innate Abilities, Weirdness & Mutations

Your attributes grow dramatically as you level up.
You have an increased reservoir of magic. (+10% MP)
You shall have no god before yourself.


Message History

You feel strangely unstable. The orc misses you. x2
The orc closely misses you. The orc hits you but does no damage.
The orc warrior barely misses you.
You hit the orc warrior but do no damage.
The orc warrior is almost dead.
The orc closely misses you.
The orc cheers repeatedly.
The orc barely misses you.
The orc warrior hits you but does no damage.
The orc barely misses you.
The orc hits you from afar with a +0 spear.
The orc warrior hits you from afar with a +0 glaive!
You miss the orc warrior.
The orc warrior is almost dead.
The orc closely misses you. The orc misses you.
The orc warrior hits you with a +0 trident!
* * * LOW HITPOINT WARNING * * *
The orc closely misses you. The orc misses you.
The orc warrior closely misses you.
You hit the orc warrior. You burn the orc warrior.
You kill the orc warrior!
The orc hits you from afar with a +0 halberd.
* * * LOW HITPOINT WARNING * * *
The orc hits you but does no damage.
Unknown command.
The orc closely misses you.
The orc warrior hits you from afar with a +0 glaive!
* * * LOW HITPOINT WARNING * * *
The orc barely misses you. x2
There is an empty arch of ancient stone here.
Things that are here:
a +0 trident; a +0 ring mail You feel better.
Your surroundings suddenly seem different.
An orc warrior comes into view. It is wielding a +0 glaive.
Found three items.
An orc knight comes into view. It is wielding a +0 trident.
The orc knight shouts!
You hear a shout! x2
The orc knight hits you from afar with a +0 trident!!
You die...

#..???..#
#..???..#
#..???..#
#.......#
#.......#
#.o.....#
#....o..#
#.@.....#
#.......#
##.....##
#+++++#


You could see an orc knight and an orc warrior.

Vanquished Creatures
  2 centaur zombies (D:6)
  Joseph (D:7)
  Sigmund (D:6)
  3 yaks (D:7)
  A water moccasin (D:7)
  An orc warrior (Bailey)
  2 ogres
  An ice beast (D:4)
  2 necrophages
  A phantom (D:6)
  Blork the orc (D:5)
  2 bullfrogs
  A water moccasin zombie (D:4)
  A scorpion (D:6)
  An electric eel (D:7)
  A howler monkey (D:6)
  A jelly (D:6)
  A bullfrog skeleton (D:5)
  3 hounds
  2 bullfrog zombies
  A gnoll shaman (D:4)
  Natasha (twice) (D:4)
  5 iguanas
  6 orc wizards (D:7)
  A hound zombie (D:5)
  A hound skeleton (D:5)
  A howler monkey zombie (D:7)
  8 gnolls
  8 adders
  3 white imps
  An ufetubus (D:7)
  An adder skeleton (D:4)
  A worm (D:3)
  4 dart slugs
  14 orcs
  12 endoplasms
  4 giant cockroaches
  10 goblins
  8 hobgoblins
  3 jackals (D:1)
  8 kobolds
  5 quokkas
  4 ball pythons
  8 bats
  3 frilled lizards
  7 rats
158 creatures vanquished.

Vanquished Creatures (others)
  16 plants (D:3)
16 creatures vanquished.

Grand Total: 174 creatures vanquished

Notes
Turn   | Place    | Note
-------+----------+-------------------------------------------
     0 | D:1      | pyrow613 the Demigod Gladiator began the quest for the Orb.
     0 | D:1      | Reached XP level 1. HP: 17/17 MP: 3/3
   229 | D:1      | Reached skill level 3 in Axes
   382 | D:1      | Reached XP level 2. HP: 16/24 MP: 4/4
   908 | D:1      | Reached XP level 3. HP: 30/30 MP: 5/5
  1569 | D:2      | Reached skill level 4 in Axes
  2027 | D:3      | Reached XP level 4. HP: 37/37 MP: 6/6
  2694 | D:4      | Noticed a necrophage
  2700 | D:4      | Noticed an ogre
  2796 | D:4      | Noticed a necrophage
  2797 | D:4      | Noticed Natasha
  2802 | D:5      | Entered Level 5 of the Dungeon
  2808 | D:5      | Killed a necrophage
  2809 | D:5      | Reached skill level 5 in Axes
  2809 | D:5      | Reached XP level 5. HP: 45/45 MP: 7/7
  3056 | D:4      | Reached XP level 6. HP: 52/52 MP: 8/8
  3233 | D:4      | Reached skill level 6 in Axes
  3383 | D:3      | Reached XP level 7. HP: 48/60 MP: 9/9
  3403 | D:4      | Killed Natasha
  3408 | D:4      | Noticed Natasha
  3422 | D:4      | Killed Natasha
  3681 | D:5      | Noticed Blork the orc
  3697 | D:5      | Killed Blork the orc
  3698 | D:5      | Reached skill level 7 in Axes
  3749 | D:5      | Found Niemeu's Book Shop.
  3808 | D:5      | Found Hussiginio's Jewellery Boutique.
  3850 | D:5      | Reached skill level 5 in Fighting
  3877 | D:5      | Found Avoutz's Armour Boutique.
  3937 | D:5      | Found Daefexut's Weapon Boutique.
  4174 | D:5      | Found Koyl's Antique Armour Shop.
  4177 | D:5      | Bought an amethyst-encrusted leather armour for 154 gold
                  | pieces
  4177 | D:5      | Identified the +1 leather armour of the Swan {rC- Will-
                  | Regen+ Dex+9} (You bought it in a shop on level 5 of the
                  | Dungeon)
  4286 | D:6      | Reached skill level 8 in Axes
  4286 | D:6      | Reached XP level 8. HP: 69/69 MP: 10/10
  4292 | D:6      | Noticed Sigmund
  4300 | D:6      | Killed Sigmund
  4308 | D:6      | Noticed an angel
  4660 | D:6      | Reached skill level 9 in Axes
  5035 | D:7      | Reached XP level 9. HP: 78/78 MP: 11/11
  5179 | D:7      | Found a staircase to the Ecumenical Temple.
  5258 | D:7      | Reached skill level 10 in Axes
  5361 | D:7      | Noticed Joseph
  5387 | D:7      | Killed Joseph
  5399 | D:7      | Found a flagged portal.
  5415 | Bailey   | Entered a bailey
  5443 | Bailey   | Noticed an orc knight
  5443 | Bailey   | Slain by an orc knight

Illustrated notes

Levels and vault maps discovered:
D:1:      elethiomel_arrival_maze, layout_rooms, serial_forest,
          infiniplex_forest_clump_medium, infiniplex_forest_lined_3,
          infiniplex_forest_zigzag_1, infiniplex_forest_lined_ring,
          infiniplex_forest_clump_curved, infiniplex_forest_straight_1,
          infiniplex_forest_end_1, infiniplex_forest_zigzag_2,
          infiniplex_forest_straight_1, chequers_ecumenical_altar_simple,
          st_stairs_12, minmay_distorted
D:2:      layout_rooms
D:3:      layout_basic, serial_bayou, serial_bayou_pond_c, serial_bayou_pond_a,
          serial_bayou_pond_b, serial_bayou_lagoon_a, minmay_unequal
D:4:      layout_basic, hangedman_abyss_or_decor_slice, uniq_natasha
D:5:      layout_loops_ring, serial_shops, shop, shop, kennysheep_mini_moat,
          shop, shop, hangedman_abyss_or_decor_lesser_grid, uniq_blork_the_orc
D:6:      layout_gridville, grunt_temple_overflow_order_and_chaos_1,
          uniq_sigmund
D:7:      minmay_flawed_box, layout_basic, minmay_temple_entry_grid,
          enter_bailey_3, gammafunk_ghost_necromancy, kennysheep_big_empty_room,
          uniq_maggie, uniq_joseph
Bailey:   bailey_polearm_5, bailey

Skill      XL: |  1  2  3  4  5  6  7  8  9 |
---------------+----------------------------+-----
Fighting       | 2 3 4 5 6 7 |  7.4
Axes           | 3 4 5 6 8 9 10 | 10.6
Throwing       | |  1.7
Dodging        | |  2.6

Action                   |  1- 3 |  4- 6 |  7- 9 || total
-------------------------+-------+-------+-------++-------
Melee: War axe           |   118 |   151 |   185 ||   454
       Hand axe          |       |       |   107 ||   107
Throw: Throwing net      |       |       |     2 ||     2
  Use: Scroll            |       |     1 |    14 ||    15
       Potion            |       |       |     4 ||     4
 Stab: Held in net/web   |       |       |     2 ||     2
       Sleeping          |       |       |     1 ||     1
Armor: Ring mail         |    61 |    68 |    22 ||   151
       Leather armour    |       |       |    81 ||    81
Dodge: Dodged            |    87 |   111 |   214 ||   412

Table legend: (Time is in decaauts)
 A = Elapsed time spent in this place.
 B = Non-inter-level travel time spent in this place.
 C = Inter-level travel time spent in this place.
 D = Time resting spent in this place.
 E = Time spent auto-exploring this place.
 F = Levels seen in this place.
 G = Mean time per level.
                   A        B        C        D        E       F      G
               +--------+--------+--------+--------+--------+-----+--------+
         Total |   5531 |   5278 |    253 |    573 |   3273 |   8 |  691.4 |
       Dungeon |   5505 |   5252 |    253 |    573 |   3273 |   7 |  786.4 |
        Bailey |     25 |     25 |      0 |      0 |      0 |   1 |   25.0 |
               +--------+--------+--------+--------+--------+-----+--------+

Top non-repeatable levels by time:
     D:1: 1399 daAuts
     D:5: 852 daAuts
     D:3: 788 daAuts
     D:4: 713 daAuts
     D:6: 685 daAuts
     D:2: 611 daAuts
     D:7: 454 daAuts
  Bailey: 25 daAuts
